 Dungeon Crawl Stone Soup version 0.25-a0-279-g53730b6a6f (webtiles) character file.

Game seed: 5396903732014881672, levelgen mode: deterministic

333 MoonlitKnight the Poker (level 6, -2/48 HPs)
             Began as a Merfolk Gladiator on Dec 10, 2019.
             Was an Initiate of Okawaru.
             Slain by an orc wizard
             ... wielding a +0 dagger
              (5 damage)
             ... on level 4 of the Dungeon.
             The game lasted 00:09:36 (3708 turns).

MoonlitKnight the Poker (Merfolk Gladiator)         Turns: 3708, Time: 00:09:37

Health: -2/48      AC:  5    Str: 16    XL:     6   Next: 52%
Magic:  6/6        EV: 12    Int:  8    God:    Okawaru [......]
Gold:   207        SH:  7    Dex: 15    Spells: 5/5 levels left

rFire    . . .     SeeInvis .   a - +0 trident
rCold    . . .     Gourm    .   E - +0 shield
rNeg     . . .     Faith    .   b - +0 leather armour
rPois    .         Spirit   .   c - +0 helmet
rElec    .         Reflect  .   u - +0 cloak
rCorr    .         Harm     .   (no gloves)
MR       .....                  (no boots)
Stlth    +.........             (no amulet)
HPRegen  0.16/turn              (no ring)
MPRegen  0.10/turn              (no ring)

@: slowed, very slow
A: change form in water, swift swim, stealthy swim
a: Renounce Religion


You were on level 4 of the Dungeon.
You worshipped Okawaru.
Okawaru was noncommittal.
You were not hungry.

You visited 2 branches of the dungeon, and saw 5 of its levels.

You collected 207 gold pieces.

Inventory:

Hand Weapons
 a - a +0 trident (weapon)
Missiles
 d - 3 throwing nets
 h - a boomerang
 k - 15 poisoned darts (quivered)
Armour
 b - a +0 leather armour (worn)
 c - a +0 helmet (worn)
 u - a +0 cloak (worn)
 y - a +0 chain mail
 E - a +0 shield (worn)
Jewellery
 s - an uncursed ring of wizardry {unknown}
 A - a +2 ring of protection {unknown}
 B - a cursed -2 ring of intelligence {unknown}
Wands
 C - a wand of paralysis (2)
Scrolls
 e - 4 scrolls of teleportation {unknown}
 l - 3 scrolls of remove curse {unknown}
 m - 2 scrolls of magic mapping
 n - a scroll of immolation {unknown}
 p - a scroll of fog {unknown}
 q - a scroll of noise {unknown}
 r - a scroll of enchant armour {unknown}
 v - a scroll of identify {unknown}
 z - 2 scrolls of amnesia {unknown}
 D - a scroll of enchant weapon {unknown}
Potions
 g - a potion of agility {unknown}
 i - 2 potions of curing {unknown}
 j - a potion of might {unknown}
 o - a potion of haste {unknown}
 w - 2 potions of magic {unknown}
 x - 2 potions of ambrosia {unknown}
Comestibles
 f - 5 rations


   Skills:
 + Level 4.1 Fighting
 + Level 6.3 Polearms
 + Level 3.7 Throwing
 + Level 5.7 Dodging
 + Level 0.0 Shields


You had 5 spell levels left.
You didn't know any spells.
Your spell library was empty.

Dungeon Overview and Level Annotations

Branches:
Dungeon (4/15)             Temple (1/1) D:4

Altars:
Cheibriados
Elyvilon
Fedhas
Hepliaklqana
Kikubaaqudgha
Makhleb
Nemelex Xobeh
Okawaru
Qazlal
Ru
Vehumet
Xom
Yredelemnul
Zin
Lugonu

Annotations:
D:3 1 runed translucent door, Crazy Yiuf


Message History

The orc wizard barely misses you.
The orc wizard points at you and mumbles some strange words.
The magic dart hits you!
* * * LOW HITPOINT WARNING * * *
The orc wizard closely misses you.
As you read the scroll labeled PAETEJOROG, it crumbles to dust.
You feel aware of your surroundings.
You sensed 1 altar, and 1 shop/portal.
It was a scroll of magic mapping.
The orc wizard gestures at you while chanting.
The magic dart hits you.
* * * LOW HITPOINT WARNING * * *
The orc wizard hits you with a +0 dagger.
* * * LOW HITPOINT WARNING * * *
The orc wizard hits you but does no damage.
The orc wizard casts a spell at you. The magic dart hits you.
* * * LOW HITPOINT WARNING * * *
The orc wizard hits you but does no damage.
The orc wizard hits you with a +0 dagger.
You die...

***** *,,,, *,***
***########## *,,,,
*,,,....#...#####********,***
*,****#........oo,,,,,,,,,*
*,*####..>.#########*****,*
*,*#......oo@.......,,,,,,*
#,*#...⌠.⌠.oo#######*******
#.##...8.8.8......#
#............####.#
####...........##.##
##..##(....#.#...#
#................#
######...###...##.#...#
#..........##.###.##.##


You could see 3 orc wizards and an orc.

Vanquished Creatures
  Grinder (D:3)
  A worker ant (D:4)
  Robin (D:3)
  An adder (D:2)
  2 oozes
  5 worms
  2 dart slugs
  A leopard gecko (D:2)
  10 bats
  A giant cockroach (D:1)
  16 goblins
  10 hobgoblins
  4 quokkas
  4 frilled lizards
  5 kobolds
  6 rats
70 creatures vanquished.

Notes
Turn   | Place    | Note
-------+----------+-------------------------------------------
     0 | D:1      | MoonlitKnight the Merfolk Gladiator began the quest for the
                  | Orb.
     0 | D:1      | Reached XP level 1. HP: 16/16 MP: 1/1
   137 | D:1      | Reached XP level 2. HP: 23/23 MP: 2/2
   552 | D:1      | Reached XP level 3. HP: 28/28 MP: 3/3
   826 | D:2      | You fall into a shaft and drop 2 floors!
   826 | D:4      | Found a blossoming altar of Fedhas.
  1035 | D:2      | Reached skill level 5 in Polearms
  1198 | D:2      | Reached XP level 4. HP: 24/35 MP: 4/4
  1251 | D:2      | Found a stormy altar of Qazlal.
  1369 | D:2      | Found a burning altar of Makhleb.
  1929 | D:3      | Noticed Robin
  1948 | D:3      | Killed Robin
  2255 | D:3      | Found a white marble altar of Elyvilon.
  2487 | D:3      | Found a glowing silver altar of Zin.
  2488 | D:3      | Noticed an angel
  2511 | D:3      | Found a runed translucent door.
  2512 | D:3      | Noticed Crazy Yiuf
  2631 | D:3      | Reached skill level 5 in Dodging
  2789 | D:3      | Found an ancient bone altar of Kikubaaqudgha.
  2790 | D:3      | Noticed Grinder
  2812 | D:3      | Paralysed by Grinder for 4 turns
  2822 | D:3      | Killed Grinder
  2822 | D:3      | Reached skill level 6 in Polearms
  2822 | D:3      | Reached XP level 5. HP: 9/42 MP: 5/5
  2822 | D:3      | Reached XP level 6. HP: 10/48 MP: 6/6
  3342 | D:4      | Found a snail-covered altar of Cheibriados.
  3371 | D:4      | Found a staircase to the Ecumenical Temple.
  3641 | Temple   | Entered the Ecumenical Temple
  3672 | Temple   | Became a worshipper of Warmaster Okawaru
  3708 | D:4      | Slain by an orc wizard

Levels and vault maps discovered:
D:1:      dpeg_arrival_three_smaller_balls, layout_loops_ring,
          minmay_tetromino_l4
D:2:      layout_loops_cross, lightli_temple_of_fire, grunt_qazlal_clouds,
          moated_statue, minmay_fractal_squares_gapless_5
D:3:      layout_loops_ring, kiku_gazebo_garden_becter, zin_angel,
          elyvilon_altar_3, uniq_robin, uniq_crazy_yiuf_cottage, uniq_grinder
D:4:      layout_loops_ring, marbit_many_paths, fedhas_altar_2,
          cheibriados_altar_1, minmay_temple_entry_drinking_statues,
          chequers_ossuary_entry_cave
Temple:   corrupted_temple

Skill      XL: |  1  2  3  4 |
---------------+-------------+-----
Polearms       | 5 6 |  6.3
Fighting       | 3 4 |  4.1
Throwing       | 3 |  3.7
Dodging        | 5 |  5.7

Action                   |  1- 3 |  4- 6 || total
-------------------------+-------+-------++-------
Melee: Trident           |    82 |   141 ||   223
Throw: Boomerang         |    20 |       ||    20
       Dart              |    10 |     3 ||    13
  Use: Scroll            |       |     1 ||     1
       Potion            |       |     1 ||     1
 Stab: Sleeping          |     3 |     2 ||     5
  Eat: Chunk             |     1 |     8 ||     9
Armor: Leather armour    |    23 |    22 ||    45
Dodge: Dodged            |    44 |    58 ||   102
Block: Shield            |       |     2 ||     2

Table legend:
 A = Non-vault XP
 B = Vault XP
 C = Vault XP percentage of total XP
 D = Non-vault monster count
 E = Vault monster count
 F = Vault count percentage of total count
                 A         B        C        D         E       F
            +---------+---------+-------+---------+---------+-------
      Total |     153 |     323 |  67.9 |      48 |      22 |  31.4
            +---------+---------+-------+---------+---------+-------
        D:1 |      30 |       6 |  16.7 |      16 |       4 |  20.0
        D:2 |      34 |       7 |  17.1 |       9 |       4 |  30.8
        D:3 |      45 |     310 |  87.3 |      19 |      14 |  42.4
        D:4 |      44 |       0 |   0.0 |       4 |       0 |   0.0
            +---------+---------+-------+---------+---------+-------
